 Dungeon Crawl Stone Soup version 0.31.0-32-g396128a36d (webtiles) character file.

Game seed: 2465306938775116850

132 PaiMei the Grave Robber (level 4, -5/33 HPs)
             Began as a Demonspawn Necromancer on Mar 25, 2024.
             Killed by divine providence
             ... invoked by an orc priest
              (9 damage)
             ... on level 3 of the Dungeon.
             The game lasted 00:04:31 (2519 turns).

PaiMei the Grave Robber (Demonspawn Necromancer)    Turns: 2519, Time: 00:04:31

Health: -5/33      AC:  2    Str:  8    XL:     4   Next: 92%
Magic:  5/8        EV: 12    Int: 18    God:
Gold:   126        SH:  0    Dex: 13    Spells: 7/8 levels left

rFire   . . .        k - +2 hand axe (flame)
rCold   . . .        (no shield)
rNeg    . . .        a - +0 robe
rPois   .            (no helmet)
rElec   .            (no cloak)
rCorr   .            (no gloves)
SInv    .            (no boots)
Will    .....        (no amulet)
Stlth   ++           (no ring)
HPRegen 0.25/turn    (no ring)
MPRegen 0.11/turn

%: no passive effects
@: no status effects
A: foul stench 1, demonic magic 2
a: no special abilities


You were on level 3 of the Dungeon.
You visited 1 branch of the dungeon, and saw 3 of its levels.

You collected 126 gold pieces.

Inventory:

Hand Weapons
 k - a +2 hand axe of flaming (weapon)
Missiles
 c - 5 poisoned darts (quivered)
Armour
 a - a +0 robe (worn)
Scrolls
 d - a scroll of identify {unknown}
 e - a scroll of noise {unknown}
 f - a scroll of amnesia {unknown}
 g - a scroll of torment {unknown}
 h - 2 scrolls of teleportation {unknown}
 i - 2 scrolls of fear {unknown}
 j - 2 scrolls of vulnerability {unknown}
 m - a scroll of poison {unknown}
Potions
 b - 2 potions of magic
 l - a potion of brilliance {unknown}
 n - 2 potions of degeneration {unknown}
 o - a potion of heal wounds {unknown}


   Skills:
 + Level 1.8 Fighting
 + Level 2.7 Dodging
 - Level 2.0 Stealth
 + Level 2.9 Spellcasting
 + Level 5.1 Necromancy


You had 7 spell levels left.
You knew the following spells:

 Your Spells              Type           Power      Damage    Failure   Level
a - Necrotise             Necr           84%        1d8       1%          1

Your spell library contained the following spells:

 Spells                   Type           Power      Damage    Failure   Level
 Vampiric Draining        Necr           21%        2d7       6%          3
 Foxfire                  Conj/Fire      8%         2x1d4     17%         1
 Animate Dead             Necr           21%        N/A       21%         4
 Curse of Agony           Necr           21%        N/A       50%         5
 Plasma Beam              Fire/Air       1%         2x1d11    100%        6
 Starburst                Conj/Fire      1%         6d3       100%        6


Dungeon Overview and Level Annotations

Branches:
Dungeon (3/15)

Altars:
Ashenzari


Innate Abilities, Weirdness & Mutations

You may rarely emit foul miasma when damaged in melee.
Spells you cast may paralyse nearby enemies.


Message History

As you open the door, it creaks loudly!
An orc, 3 orc priests and an orc wizard come into view.
The orc priest shouts! x3; The orc wizard shouts!
The orc priest miscasts a cantrip.
Found 76 gold pieces and 4 poisoned darts.
Found a roughly hewn altar of Beogh.
The orc priest casts a cantrip, but nothing happens.
The orc shouts!
The orc priest calls down the wrath of Beogh upon you.
You barely resist.
Found a leather armour.
Casting: Necrotise (safe; 1% risk of failure)
Confirm with . or Enter, or press ? or * to list all spells.
Aiming: Necrotise (safe; 1% risk of failure)
Press: ? - help, Shift-Dir - straight line, f - orc priest
Aim: an orc priest, wielding a +0 hand axe and wearing a +0 scale mail (chance to affect: 80%)
The orc priest writhes in agony.
Malevolent energies surge around you.
The orc priest calls upon Beogh to heal the orc priest.
The orc priest's wounds heal themselves!
The orc priest looks braver for a moment.
The orc priest mumbles some strange prayers to Beogh against you.
Beogh smites you!
Casting: Necrotise (safe; 1% risk of failure)
Confirm with . or Enter, or press ? or * to list all spells.
Aiming: Necrotise (safe; 1% risk of failure)
Press: ? - help, Shift-Dir - straight line, f/p - orc priest
Aim: an orc priest, wielding a +0 hand axe and wearing a +0 scale mail (chance to affect: 80%)
The orc priest barely resists.
Malevolent energies surge around you.
The orc priest calls down the wrath of Beogh upon you.
Beogh smites you!
* * * LOW HITPOINT WARNING * * *
Casting: Necrotise (safe; 1% risk of failure)
Confirm with . or Enter, or press ? or * to list all spells.
Aiming: Necrotise (safe; 1% risk of failure)
Press: ? - help, Shift-Dir - straight line, f/p - orc priest
Aim: an orc priest, wielding a +0 hand axe and wearing a +0 scale mail (chance to affect: 80%)
The orc priest writhes in agony.
Malevolent energies surge around you.
The orc priest calls down the wrath of Beogh upon you.
Beogh smites you!
You die...

### ..# #.# #.#
#.### #.# #...
[######@###..#
#.........#..#
#.#####.#.#..#####.
#o#.........g
##.#.#..# ###
#.......#
##(o.##o###.##
#$8$8.#.###.#
#_ooooo.....#


You could see 2 orc priests.

Vanquished Creatures
  A bombardier beetle (D:2)
  A gnoll (D:1)
  4 adders
  A dart slug (D:2)
  3 ribbon worms
  4 orcs (D:3)
  5 ball pythons
  3 endoplasms (D:2)
  2 giant cockroaches (D:2)
  2 hobgoblins (D:1)
  4 jackals (D:1)
  A quokka (D:1)
  3 bats
  2 kobolds
  4 rats
40 creatures vanquished.

Vanquished Creatures (collateral kills)
  A dart slug (D:2)
1 creature vanquished.

Grand Total: 41 creatures vanquished

Notes
Turn   | Place    | Note
-------+----------+-------------------------------------------
     0 | D:1      | PaiMei the Demonspawn Necromancer began the quest for the
                  | Orb.
     0 | D:1      | Reached XP level 1. HP: 13/13 MP: 3/3
   246 | D:1      | Gained mutation: Spells you cast may paralyse adjacent
                  | enemies. [demonic ancestry]
   246 | D:1      | Reached XP level 2. HP: 19/19 MP: 3/5
  1047 | D:1      | Found a faded altar of an unknown god.
  1124 | D:2      | Gained mutation: Spells you cast may paralyse nearby
                  | enemies. [demonic ancestry]
  1124 | D:2      | Reached XP level 3. HP: 25/25 MP: 3/6
  1237 | D:2      | Reached skill level 1 in Fighting
  1659 | D:2      | Gained mutation: You may rarely emit foul miasma when
                  | damaged in melee. [demonic ancestry]
  1659 | D:2      | Reached XP level 4. HP: 28/32 MP: 5/8
  1683 | D:2      | Reached skill level 5 in Necromancy
  2037 | D:2      | Found a broken altar of Ashenzari.
  2519 | D:3      | Killed from afar by an orc priest

Illustrated notes

Levels and vault maps discovered:
D:1:      matt_arrival_los_fun, layout_loops_corners,
          dilly_ecumenical_altar_fadedgnrine, serial_bayou_pond_a,
          minmay_curled_crystal
D:2:      layout_loops_ring, basic_altar
D:3:      layout_loops_ring, nicolae_uskayaw_suspiria,
          ebering_ghost_disaster_area, minmay_crystal_room,
          grunt_decor_junction, kennysheep_orc_chapel, uniq_robin, uniq_jessica,
          uniq_crazy_yiuf_cottage

Skill      XL: |  1  2  3  4 |
---------------+-------------+-----
Stealth        | 2 |  2.0
Dodging        | 2 |  2.7
Fighting       | 1 |  1.8
Necromancy     | 5 |  5.1
Spellcasting   | |  2.9

Action                     |  1- 3 |  4- 6 || total
---------------------------+-------+-------++-------
  Melee: Hand axe          |     5 |    15 ||    20
         Spear             |     1 |       ||     1
   Cast: Necrotise         |    47 |    37 ||    84
   Stab: Paralysed         |     1 |     3 ||     4
 Armour: Robe              |     3 |     8 ||    11
  Dodge: Dodged            |     3 |     8 ||    11
